 Dungeon Crawl Stone Soup version 0.21-a0-200-gb89f83b (webtiles) character file.

4506 nevermore the Basher (level 10, -6/49 HPs)
             Began as a Vine Stalker Fighter on Aug 16, 2017.
             Was an Initiate of Gozag.
             Mangled by a two-headed ogre
             ... wielding a +0 giant club
              (10 damage)
             ... on level 8 of the Dungeon.
             The game lasted 00:15:30 (8693 turns).

nevermore the Basher (Vine Stalker Fighter)         Turns: 8693, Time: 00:15:32

Health: -6/49      AC:  8    Str: 20    XL:     10   Next: 39%
Magic:  0/14       EV:  8    Int:  6    God:    Gozag
Gold:   805        SH: 12    Dex: 16    Spells: 9/9 levels left

rFire    + . .     SeeInvis .   a - +0 flail
rCold    . . .     Gourm    .   c - +0 shield
rNeg     . . .     Faith    .   F - +2 ring mail of the Endless Expanse {rF+ MR+ Int-2}
rPois    .         Spirit   +   o - +0 hat
rElec    .         Reflect  +   (no cloak)
rCorr    .         Harm     .   (no gloves)
MR       +++..                  (no boots)
Stlth    ++........             v - +2 amulet of reflection
HPRegen  0.56/turn              g - ring of stealth
MPRegen  0.14/turn              A - ring of protection from magic

@: drained
A: fangs 3, regeneration 1, magic shield, antimagic bite, no potion heal 3, rot
immunity
a: Potion Petition, Call Merchant, Bribe Branch, Renounce Religion


You were on level 8 of the Dungeon.
You worshipped Gozag.
Gozag was pleased with you.
You were not hungry.

You visited 1 branch of the dungeon, and saw 8 of its levels.

You collected 1634 gold pieces.
You paid 829 gold pieces to Gozag.

Inventory:

Hand Weapons
 a - a +0 flail (weapon)
 q - a +0 shortbow
Missiles
 r - 118 arrows
Armour
 b - a +1 scale mail
 c - a +0 shield (worn)
 o - a +0 hat (worn)
 F - the +2 ring mail of the Endless Expanse (worn) {rF+ MR+ Int-2}
   (You found it on level 8 of the Dungeon)

   It affects your intelligence (-2).
   It protects you from fire.
   It affects your resistance to hostile enchantments.
Jewellery
 g - a ring of stealth (left hand)
 v - a +2 amulet of reflection (around neck)
 A - a ring of protection from magic (right hand)
 C - an uncursed amulet of rage {unknown}
Wands
 d - a wand of acid (2/15)
 i - a wand of iceblast (4/15)
 w - a wand of lightning (8/15)
 B - a wand of flame (19/48)
 E - a wand of clouds (6/9)
Scrolls
 e - a scroll of identify
 h - 2 scrolls of amnesia
 j - 5 scrolls of enchant weapon
 l - 2 scrolls of fear
 p - a scroll of magic mapping
 s - a scroll of teleportation
 u - a scroll of remove curse
 y - 2 scrolls of fog
Potions
 m - 4 potions of curing
 z - 2 potions of mutation {unknown}
 D - a potion of cancellation {unknown}
Books
 x - a book of Minor Magic

   Spells                             Type                      Level
   a - Magic Dart                     Conjuration                  1
   b - Blink                          Translocation                2
   c - Call Imp                       Summoning                    2
   d - Slow                           Hexes                        2
   e - Conjure Flame                  Conjuration/Fire             3
   f - Mephitic Cloud                 Conjuration/Poison/Air       3
Comestibles
 f - 5 bread rations
 k - 2 royal jellies
 n - 7 fruits
 t - 4 meat rations


   Skills:
 + Level 3.9(3.4) Fighting
 * Level 8.9(8.3) Maces & Flails
 + Level 6.0(5.4) Armour
 - Level 0.2(0.0) Dodging
 + Level 6.7(6.1) Shields
 - Level 5.1(4.5) Evocations


You had 9 spell levels left.
You didn't know any spells.

Dungeon Overview and Level Annotations

Branches:
Dungeon (8/15)             Temple (0/1) D:7
   Lair: D:8-11

Altars:
Gozag
Qazlal

Shops:
D:6 (   D:7 (


Innate Abilities, Weirdness & Mutations

You have razor-sharp teeth.
Your natural rate of healing is unusually fast.
When hurt, damage is shared between your health and your magic reserves.
Your bite disrupts and absorbs the magic of your enemies.
Potions cannot restore your health.
You are immune to rotting.


Message History

You drain its power.
You feel invigorated.
The two-headed ogre is almost dead.
The two-headed ogre barely misses you.
The two-headed ogre hits you with a giant club!!
* * * LOW HITPOINT WARNING * * *
You hit the two-headed ogre. Your bite misses the two-headed ogre.
The two-headed ogre is almost dead.
The two-headed ogre completely misses you.
You block the two-headed ogre's attack.
You closely miss the two-headed ogre. You bite the two-headed ogre.
You drain its power.
You feel invigorated.
The two-headed ogre is almost dead.
Unknown command.
You hit the two-headed ogre. Your bite misses the two-headed ogre.
The two-headed ogre is almost dead.
The two-headed ogre hits you with a giant club!!
* * * LOW HITPOINT WARNING * * *
The two-headed ogre hits you with a giant club!
You die...
Your body crumbles into a pile of gold.

.#.########.#.#.#.#.............#
..[# ####.#...|.#..........##..
...# #..........##.........##..
...#####..........##...<.....##..
...................[.........'...
...#####.....(....##.........##..
...# #..........##.......^.##..
...# #..........##...).....##..
...# #........@.##...).....##..
...# #........O.#####......##..
...# #............# #).....##..
... #............# #......#... (.
#............###......#...
...#####..............)......#...
#..........................###...
#.......z#########...............
#........# #...............


You could see a two-headed ogre.

Vanquished Creatures
  A two-headed ogre (D:8)
  Maurice (D:8)
  A hungry ghost (D:8)
  A water moccasin (D:7)
  Duvessa (D:5)
  2 orc warriors (D:7)
  2 sky beasts
  5 ogres
  A phantom (D:6)
  2 centaurs
  4 bullfrogs
  Dowan (D:5)
  A scorpion (D:8)
  A water moccasin skeleton (D:6)
  3 wights (D:8)
  4 howler monkeys
  4 crimson imps
  A bullfrog zombie (D:6)
  5 jellies
  2 orc priests (D:7)
  4 hounds
  5 orc wizards
  A quasit (D:7)
  2 centaur skeletons
  2 iguanas
  3 bullfrog skeletons
  5 worker ants
  2 killer bee zombies
  2 hound zombies
  A howler monkey skeleton (D:6)
  4 worker ant zombies
  8 gnolls
  11 adders
  2 shadow imps (D:6)
  2 oozes
  3 adder zombies
  5 leopard geckos
  33 orcs
  3 giant cockroaches
  13 hobgoblins
  11 jackals
  3 quokkas
  A ball python (D:4)
  5 bats
  16 goblins
  7 kobolds
  2 leopard gecko skeletons
  10 rats
209 creatures vanquished.

Notes
Turn   | Place    | Note
-------+----------+-------------------------------------------
     0 | D:1      | nevermore the Vine Stalker Fighter began the quest for the Orb.
     0 | D:1      | Reached XP level 1. HP: 11/11 MP: 2/2
    41 | D:1      | Reached skill level 2 in Maces & Flails
   382 | D:1      | Reached XP level 2. HP: 16/16 MP: 3/3
   538 | D:1      | Reached XP level 3. HP: 19/19 MP: 4/4
  1114 | D:2      | Reached skill level 3 in Maces & Flails
  1306 | D:2      | Gained mutation: Your natural rate of healing is unusually fast. [Vine Stalker growth]
  1306 | D:2      | Reached XP level 4. HP: 23/23 MP: 5/5
  1927 | D:2      | HP: 1/24 [poisoned by an adder]
  1932 | D:2      | HP: 1/24 [poisoned by an adder]
  1937 | D:2      | HP: 1/24 [poisoned by an adder]
  2227 | D:2      | Reached XP level 5. HP: 25/28 MP: 6/6
  2288 | D:3      | Found an opulent altar of Gozag.
  2395 | D:3      | Became a worshipper of Gozag Ym Sagoz the Greedy
  2484 | D:3      | Reached skill level 4 in Maces & Flails
  2738 | D:3      | Reached XP level 6. HP: 32/32 MP: 7/7
  3213 | D:4      | Reached skill level 1 in Evocations
  3213 | D:4      | Reached XP level 7. HP: 30/37 MP: 5/8
  4143 | D:5      | Entered Level 5 of the Dungeon
  4170 | D:5      | Reached skill level 5 in Maces & Flails
  4293 | D:5      | Noticed Duvessa
  4294 | D:5      | Noticed Dowan
  4315 | D:5      | Killed Duvessa
  4320 | D:5      | Killed Dowan
  4545 | D:5      | Gained mutation: You have razor-sharp teeth. [Vine Stalker growth]
  4545 | D:5      | Reached XP level 8. HP: 41/42 MP: 10/10
  5198 | D:6      | Reached skill level 6 in Maces & Flails
  5443 | D:6      | Found Pilor's Antique Weapon Shop.
  5694 | D:6      | Reached skill level 5 in Shields
  6199 | D:6      | Reached XP level 9. HP: 33/45 MP: 12/12
  6385 | D:7      | Reached skill level 7 in Maces & Flails
  6942 | D:7      | Reached skill level 5 in Armour
  7334 | D:7      | Found a staircase to the Ecumenical Temple.
  7581 | D:8      | Noticed a two-headed ogre
  7588 | D:8      | Killed a two-headed ogre
  7588 | D:8      | Reached skill level 8 in Maces & Flails
  7588 | D:8      | Reached XP level 10. HP: 39/49 MP: 14/14
  7766 | D:8      | Noticed Maurice
  7856 | D:8      | Killed Maurice
  7856 | D:8      | Reached skill level 5 in Evocations
  7929 | D:8      | Found a stormy altar of Qazlal.
  7988 | D:8      | Got an ichor-stained ring mail
  7999 | D:8      | Identified the +2 ring mail of the Endless Expanse {rF+ MR+ Int-2} (You found it on level 8 of the Dungeon)
  8234 | D:8      | Noticed a two-headed ogre
  8693 | D:8      | Mangled by a two-headed ogre

Vault maps used:
D:1:      dpeg_arrival_rooms_a, minmay_splitting_lines, serial_bayou_lake_a
D:2:      kennysheep_the_goblin_king, first_bread, minmay_bisected
D:3:      grunt_gozag_statues
D:5:      uniq_duvessa
D:6:      serial_undead, serial_undead_d, serial_undead_b, serial_undead_b,
          serial_undead_c, serial_undead_d, serial_shops, shop
D:7:      temple_hall
D:8:      nicolae_qazlal_style_of_elements, kennysheep_donut, grunt_ogre_cave,
          uniq_maurice

Skill      XL: |  1  2  3  4  5  6  7  8  9 10 |
---------------+-------------------------------+-----
Maces & Flails | 2 3 4 5 6 8 |  8.9
Fighting       | 3 |  3.9
Shields        | 3 4 5 6 |  6.7
Armour         | 3 4 5 6 |  6.0
Evocations     | 1 3 4 5 |  5.1
Dodging        | |  0.2

Action                   |  1- 3 |  4- 6 |  7- 9 | 10-12 || total
-------------------------+-------+-------+-------+-------++-------
Melee: Flail             |    95 |   169 |   417 |   139 ||   820
       Bite              |    17 |    47 |   153 |    54 ||   271
Invok: Potion Petition   |       |       |     1 |     1 ||     2
       Call Merchant     |       |       |       |     1 ||     1
Evoke: Wand              |       |     3 |     7 |     3 ||    13
  Use: Potion            |       |     5 |     1 |       ||     6
       Scroll            |       |    10 |     5 |     1 ||    16
 Stab: Distracted        |       |       |     4 |     1 ||     5
  Eat: Chunk             |     1 |     4 |       |       ||     5
       Meat ration       |       |     1 |       |       ||     1
       Bread ration      |       |       |     4 |     1 ||     5
       Fruit             |       |       |     1 |       ||     1
Armor: Scale mail        |    46 |    54 |   137 |    20 ||   257
       Ring mail         |       |       |       |     7 ||     7
Dodge: Dodged            |    27 |    47 |   117 |    45 ||   236
Block: Shield            |    33 |   103 |   230 |    82 ||   448
       Reflection        |       |       |     3 |     2 ||     5
